[Event "Late-Titled-Tuesday-Blitz-March-26-2024"]
[Site "Chess.com"]
[Date "2024.03.26"]
[Round "3"]
[White "GMKrikor"]
[Black "Juicy_Fork"]
[Result "0-1"]
[WhiteElo "2834"]
[BlackElo "2567"]
[TimeControl "180+1"]
[EndTime "14:29:58 PDT"]
[Termination "Juicy_Fork won by resignation"]

1. Nf3 Nf6 2. c4 g6 3. Nc3 Bg7 4. e4 d6 5. d4 O-O 6. h3 e5 7.
dxe5 dxe5 8. Qxd8 Rxd8 9. Bg5 Re8 10. Nd5 Nxd5 11. cxd5 h6 12. Be3 f5 13. Rc1 c6 14.
Bc4 Kh7 15. g4 fxe4 16. Nd2 cxd5 17. Bxd5 Nc6 18. Nxe4 Be6 19. Bxe6 Rxe6 20. Ke2 Nd4+ 21. Bxd4 exd4 22. Kd3 Rae8 23. f3 Ra6 24. a3 Rb6 25. b4 a5 26. Rc4 axb4 27. Rxb4 Rxb4 28. axb4 Ra8 29. Rf1 b5 30. Nd6 Ra3+ 31. Ke4 Re3+ 32. Kd5 Rb3 33. Nxb5 Rxb4 34. Nd6 d3 35. Nc4 d2 36.
Rd1 Bc3 37. Kc5 Rb8 38. Kd5 Rd8+ 39. Ke4 Rd4+ 40. Ke3 Rxc4 41. Kd3 Rc7 42. f4 Ba5 43. Rb1 Rc1 0-1

[Event "Late-Titled-Tuesday-Blitz-March-26-2024"]
[Site "Chess.com"]
[Date "2024.03.26"]
[Round "3"]
[White "Hirna2005"]
[Black "Aram7Adam"]
[Result "0-1"]
[WhiteElo "2293"]
[BlackElo "2445"]
[TimeControl "180+1"]
[EndTime "14:29:58 PDT"]
[Termination "Aram7Adam won by resignation"]

1. e4 c5 2. c3 d5 3. exd5 Qxd5 4. Nf3 Nc6 5. Na3 e6 6. Bc4 Qd8 7. O-O Nf6 8. Re1 Be7 9. Nc2 O-O 10. d4 cxd4 11.
Ncxd4 Nxd4 12. Nxd4 a6 13. Bf4 Bd7 14. Qf3 b5 15.
Bd3 Nd5 16. Bg3 Rc8 17. a4 b4 18. Bxa6 bxc3 19. Bxc8 cxb2 20. Rab1 Qxc8 21. Rxb2 Bf6 22. Rb8 Qa6 23. Rxf8+ Kxf8 24. Nb5 Bxb5 25. axb5 Qxb5 26.
Bd6+ Kg8 27. h3 h6 28. Qe2 Qc6 29. Bg3 Nc3 30. Qc2 Qd5 31. Re3 Qd4 32. Rd3 Qe4 33. Kh2 Qb4 34. Bd6 Qc4 35. Bg3 g6 36. Qd2 Kg7 37. Qe3 h5 38. Be5 Nd5 39. Bxf6+ Kxf6 40. Qf3+ Kg7 41. Ra3 h4 42. Qg4 Qc7+ 43. g3 hxg3+ 44. Qxg3 Qb6 45. Rb3 Qc5 46. Qe5+ Nf6 47. Rf3 Qxe5+ 48. Kg2 Qe4 49. Kg3 Nh5+ 50. Kg2 g5 51. h4 gxh4 52. Kh2 Qxf3 0-1

[Event "Late-Titled-Tuesday-Blitz-March-26-2024"]
[Site "Chess.com"]
[Date "2024.03.26"]
[Round "3"]
[White "kecalk"]
[Black "CURRUTACO59"]
[Result "0-1"]
[WhiteElo "2485"]
[BlackElo "2282"]
[TimeControl "180+1"]
[EndTime "14:29:59 PDT"]
[Termination "CURRUTACO59 won by resignation"]

1. Nf3 Nf6 2. d4 e6 3. Bg5 d5 4. e3 b6 5. Nbd2 Be7 6. Bd3 Ba6 7. Bxa6 Nxa6 8. O-O Nb8 9. c4 Nbd7 10. cxd5 Nxd5 11.
Bxe7 Qxe7 12. e4 Nf4 13. Qb3 c5 14. Qe3 Ng6 15. Nb3 cxd4 16. Nbxd4 O-O 17. Rac1 Rfc8 18. Nc6 Qf8 19. e5 Ne7 20. Nfd4 Nd5 21. Qf3 a6 22. a3 b5 23. Rc2 N7b6 24. Rfc1 Nc4 25. b3 Nxa3 26. Ra2 b4 27. h4 h6 28. g3 Rc7 29.
Kg2 Rac8 30. Rd2 Nb5 31. Rc4 Nxd4 32. Nxd4 Rxc4 33. bxc4 Rxc4 34. Qb3 Qc5 35. Nf3 Rc3 36. Qa4 Qc6 37. Qa5 Nf4+ 38. gxf4 Qxf3+ 39. Kf1 Rc1+ 0-1

[Event "Late-Titled-Tuesday-Blitz-March-26-2024"]
[Site "Chess.com"]
[Date "2024.03.26"]
[Round "3"]
[White "Felix-Rose"]
[Black "EternalNight8"]
[Result "1-0"]
[WhiteElo "2254"]
[BlackElo "2450"]
[TimeControl "180+1"]
[EndTime "14:29:59 PDT"]
[Termination "Felix-Rose won on time"]

1. e4 c5 2. Nf3 d6 3. d4 cxd4 4.
Nxd4 Nf6 5. Nc3 Nc6 6. Bg5 Bd7 7.
Qd2 Rc8 8. Bxf6 gxf6 9. f4 Nxd4 10. Qxd4 Bh6 11. g3 Qa5 12. O-O-O Qc5 13. Qd5 f5 14.
exf5 Bxf5 15. Bb5+ Kf8 16. Qxb7 Bg7 17. Rd5 Qe3+ 18.
Kb1 Be6 19. f5 Bxc3 20. fxe6 Rd8 21. bxc3 Qxe6 22. Rf1 f6 23. Bc4 Qd7 24. Qb3 Qc7 25.
Rb5 Kg7 26. Be6 Rb8 27. a4 a6 28. Rb4 a5 29. Rb5 Qc6 30. Rf4 Rxb5 31. axb5 Qc5 32.
Rg4+ Kf8 33. Qd5 Qg1+ 34. Ka2 Qa7 35. Qc6 Qb8 36. Qe4 Qxb5 37. Qxh7 1-0

[Event "Late-Titled-Tuesday-Blitz-March-26-2024"]
[Site "Chess.com"]
[Date "2024.03.26"]
[Round "3"]
[White "Beca95"]
[Black "Blackmind96"]
[Result "1-0"]
[WhiteElo "2949"]
[BlackElo "2734"]
[TimeControl "180+1"]
[EndTime "14:30:00 PDT"]
[Termination "Beca95 won by resignation"]

1. b3 d5 2. Bb2 Bg4 3. f3 Bh5 4. g4 Bg6 5. h4 h6 6. h5 Bh7 7. e3 c6 8. d4 Nd7 9. Bd3 Bxd3 10. Qxd3 Ngf6 11. Qe2 e6 12. Nd2 Qa5 13. a3 Bd6 14. f4 O-O-O 15. b4 Qc7 16. c4 Kb8 17. Nh3 Rde8 18.
c5 Be7 19. Nf2 g6 20. hxg6 fxg6 21. a4 h5 22. g5 Ng8 23. b5 Bd8 24. a5 cxb5 25.
Qxb5 a6 26. Qb3 Ne7 27. Nf3 Ka8 28. Nd3 Nb8 29. Nde5 Rhg8 30. Bc3 Nbc6 31. Nxc6 Nxc6 32. Ke2 Qc8 33. Rhb1 Bc7 34. Nh4 Bb8 35. Kd2 Re7 36.
Qc2 Qe8 37. Qd3 Rc7 38. Rb6 Rgg7 39. Kc2 Ba7 40. Rb3 Ne7 41. Rh1 Nf5 42. Nf3 Ng3 43.
Rh3 Ne4 44. Rh2 Qa4 45. Kb2 Rc8 46. Ra3 Qe8 47. Ka1 Rg8 48. Rb2 Bb8 49. Be1 Rg7 50. Ka2 Bc7 51. Rab3 Rb8 52. Ra3 Qc6 53. Rb6 Qe8 54.
Rxa6+ 1-0

[Event "Late-Titled-Tuesday-Blitz-March-26-2024"]
[Site "Chess.com"]
[Date "2024.03.26"]
[Round "3"]
[White "a-z30"]
[Black "Mikhail_Golubev"]
[Result "1-0"]
[WhiteElo "2479"]
[BlackElo "2663"]
[TimeControl "180+1"]
[EndTime "14:30:00 PDT"]
[Termination "a-z30 won on time"]

1. d3 g6 2. Nf3 Bg7 3. g3 e5 4. Bg2 Nc6 5. O-O Nge7 6. c4 O-O 7. Nc3 d6 8. Rb1 f5 9. Nd5 Nxd5 10. cxd5 Nd4 11.
Nd2 f4 12. e3 Nf5 13. Ne4 fxe3 14. Bxe3 Nxe3 15. fxe3 Bf5 16. Rc1 Bh6 17. Qe2 Qe7 18. Rc4 Bxe4 19. Rxf8+ Rxf8 20. Rxe4 c5 21. h4 b5 22. d4 Bg7 23. dxc5 dxc5 24. Qxb5 Qf6 25. Qxc5 Qf2+ 26. Kh2 Qxb2 27. Rb4 Qf2 28. d6 Rd8 29. Rb7 Qf8 30. Qd5+ Kh8 31. d7 a5 32. Rc7 Qe7 33. Qc6 Bf6 34. Rc8 Kg7 35. Rxd8 Qxd8 36. Qc8 Qe7 37. Qc6 Qd8 38. Qd5 Qe7 39. Bh3 e4 40.
Bg2 1-0

[Event "Late-Titled-Tuesday-Blitz-March-26-2024"]
[Site "Chess.com"]
[Date "2024.03.26"]
[Round "3"]
[White "Dontmesswithme_2"]
[Black "JaackCamel"]
[Result "1-0"]
[WhiteElo "2410"]
[BlackElo "2183"]
[TimeControl "180+1"]
[EndTime "14:30:00 PDT"]
[Termination "Dontmesswithme_2 won on time"]

1. e4 e6 2. d4 d5 3. Nc3 Bb4 4.
e5 Ne7 5. a3 Bxc3+ 6. bxc3 b6 7.
h4 Ba6 8. h5 Bxf1 9. Kxf1 h6 10. Qg4 Nf5 11. Nf3 Nc6 12. Nh4 Nce7 13. Nxf5 Nxf5 14. Rh3 Qd7 15. a4 a5 16. Qf4 O-O-O 17. g4 Ne7 18. Qxf7 Rdf8 19. Qxg7 Rfg8 20. Qf6 Rf8 21.
Qh4 Rf7 22. Be3 Qc6 23. Ra3 Qc4+ 24. Kg2 Qe2 25. Ra2 Rhf8 26. Qg3 Rg8 27. g5 Nf5 28.
g6 Nxg3 29. gxf7 Qf1+ 30. Kf3 Rf8 31. Rxg3 Rxf7+ 32. Kg4 Qe2+ 33. Kh4 Kb7 34. Ra1 Qxc2 35. Rag1 Qe4+ 36. Rg4 Qf3 37. R1g3 Qh1+ 38. Rh3 Qf1 39. Rg6 Rf5 40. Rxh6 Qe2 41. Rg3 Qf1 42. Rh7 Kc6 43.
Kg4 1-0

[Event "Late-Titled-Tuesday-Blitz-March-26-2024"]
[Site "Chess.com"]
[Date "2024.03.26"]
[Round "3"]
[White "GarciaIsaac"]
[Black "Viktor_Poddubnyi"]
[Result "1-0"]
[WhiteElo "2648"]
[BlackElo "2304"]
[TimeControl "180+1"]
[EndTime "14:30:00 PDT"]
[Termination "GarciaIsaac won on time"]

1. e4 g6 2. d4 Bg7 3. Nc3 d6 4. Nf3 Nf6 5. Be2 c6 6. a4 O-O 7. O-O Nbd7 8. e5 Nd5 9. Nxd5 cxd5 10. exd6 exd6 11. c3 Nf6 12. Bf4 h6 13. h3 Be6 14.
Qb3 Qc7 15. Rfe1 Rfe8 16. Bd3 Ne4 17. a5 g5 18. Bh2 f5 19. Re2 Qf7 20. Ne1 f4 21.
Qc2 Rf8 22. f3 Ng3 23. Bxg3 fxg3 24. Bg6 Qf6 25. Qd3 g4 26. hxg4 Bxg4 27. Bh7+ Kh8 28. Qe3 Kxh7 29. Nd3 Qh4 30. Kf1 Qh1+ 31. Qg1 Qxg1+ 32.
Kxg1 Bf5 33. Nb4 Rae8 34. Rae1 Rxe2 35. Rxe2 1-0

[Event "Late-Titled-Tuesday-Blitz-March-26-2024"]
[Site "Chess.com"]
[Date "2024.03.26"]
[Round "3"]
[White "Kildepiotr"]
[Black "ContrVersia"]
[Result "0-1"]
[WhiteElo "2725"]
[BlackElo "2931"]
[TimeControl "180+1"]
[EndTime "14:30:01 PDT"]
[Termination "ContrVersia won by resignation"]

1. e4 c5 2. Nf3 a6 3. c3 e6 4. d4 d5 5. exd5 exd5 6. Be2 Nc6 7. O-O h6 8. dxc5 Bxc5 9. Nbd2 Nf6 10. Nb3 Bb6 11. Nfd4 O-O 12. Be3 Re8 13. Re1 Ne4 14. Qd3 Ne5 15. Qc2 Qf6 16. Nd2 Qg6 17. Nxe4 dxe4 18.
Bf4 Bg4 19. Bxe5 Bxe2 20. Rxe2 Rxe5 21. Rae1 Rae8 22. Re3 f5 23. f3 h5 24. fxe4 fxe4 25. Kh1 h4 26. Rf1 Kh7 27. Qf2 Bd8 28. Qe2 Bg5 29. Rh3 Bf6 30. Nc2 Rf5 31. Rxf5 Qxf5 32. Ne3 Qg5 33. Qg4 Qxg4 34. Nxg4 Bg5 35. g3 Kg6 36. gxh4 Bd2 37. Rg3 Kf5 38. Ne3+ Bxe3 39.
Rxe3 Kf4 40. Re1 e3 41. Kg2 Ke4 42. Rf1 e2 43. Re1 Ke3 0-1

[Event "Late-Titled-Tuesday-Blitz-March-26-2024"]
[Site "Chess.com"]
[Date "2024.03.26"]
[Round "3"]
[White "Harsha_Bharathakoti"]
[Black "Evandro_Barbosa"]
[Result "1-0"]
[WhiteElo "2908"]
[BlackElo "2668"]
[TimeControl "180+1"]
[EndTime "14:30:01 PDT"]
[Termination "Harsha_Bharathakoti won on time"]

1. c4 c5 2. Nf3 Nc6 3. d4 cxd4 4.
Nxd4 g6 5. e4 Bg7 6. Be3 Nf6 7.
Nc3 O-O 8. Be2 d6 9. h4 Nxd4 10.
Bxd4 Be6 11. h5 Qa5 12. hxg6 hxg6 13. Kf1 Rfc8 14. b3 a6 15. a4 Nd7 16. Nd5 Bxd5 17.
exd5 Nc5 18. Rh3 e5 19. dxe6 Nxe6 20. Bxg7 Kxg7 21. Qxd6 Rh8 22. Bg4 Rxh3 23. Bxh3 Qc3 24. Re1 Ng5 25. Qe5+ Qxe5 26. Rxe5 Kf6 27. Rd5 Rh8 28.
Rd7 Rb8 29. Bg4 Ne4 30. b4 a5 31. bxa5 Nc5 32. Rd5 Nxa4 33. Rb5 Nc3 34. Rb6+ Ke5 35. a6 Ra8 36. f4+ Kxf4 37. axb7 Ra1+ 38. Kf2 Ra2+ 39. Kg1 1-0

[Event "Late-Titled-Tuesday-Blitz-March-26-2024"]
[Site "Chess.com"]
[Date "2024.03.26"]
[Round "3"]
[White "tolimachess"]
[Black "publicaccountcze"]
[Result "0-1"]
[WhiteElo "2446"]
[BlackElo "2254"]
[TimeControl "180+1"]
[EndTime "14:30:02 PDT"]
[Termination "publicaccountcze won on time"]

1. e4 c5 2. Nc3 g6 3. f4 Bg7 4.
Nf3 Nc6 5. Bb5 e6 6. Bxc6 dxc6 7.
O-O Nf6 8. d3 O-O 9. Qe1 b6 10.
Qh4 Nd7 11. Qh3 f5 12. Ng5 Nf6 13. e5 Nh5 14. g4 fxg4 15. Qxg4 c4 16. Rf3 cxd3 17. Rxd3 Qe7 18. Nce4 c5 19. Be3 Bb7 20. Rd6 Rad8 21. Rad1 Rxd6 22. exd6 Qd7 23. c3 Rf5 24. Ng3 Nxg3 25. hxg3 Rd5 26. Rxd5 Bxd5 27. a3 Qxd6 28. Qh4 h6 29. Nf3 Bxf3 30. Kf2 Be4 31. f5 Bxf5 32.
Bxh6 Bxh6 33. Qxh6 Qe5 34. Qd2 Qf6 35. Kg2 Be4+ 36. Kh2 Bd5 37. c4 Bxc4 0-1

[Event "Late-Titled-Tuesday-Blitz-March-26-2024"]
[Site "Chess.com"]
[Date "2024.03.26"]
[Round "3"]
[White "SaqoChess_Twitch"]
[Black "XDPS"]
[Result "1/2-1/2"]
[WhiteElo "2659"]
[BlackElo "2896"]
[TimeControl "180+1"]
[EndTime "14:30:03 PDT"]
[Termination "Game drawn by repetition"]

1. d4 Nf6 2. c4 d6 3. Nc3 g6 4.
Nf3 Bg7 5. h3 O-O 6. Bf4 Nbd7 7.
e3 b6 8. Be2 Bb7 9. O-O Ne4 10.
Nxe4 Bxe4 11. Nd2 Bb7 12. Bf3 Qc8 13. Bxb7 Qxb7 14. Qf3 Rfb8 15. Qxb7 Rxb7 16. Nf3 c5 17. Rfd1 b5 18. cxb5 Rxb5 19. b3 a5 20. Rac1 a4 21.
bxa4 Rxa4 22. Rc2 h6 23. g4 Rba5 24. dxc5 Rxc5 25. Rdd2 g5 26. Bg3 Rxc2 27. Rxc2 Nc5 28. Kf1 Ne4 29. Nd2 Nc3 30. f4 Nxa2 31. f5 Nc3 32. Kf2 Bf6 33. Kf3 d5 34. Nb3 Ra3 35. Nc5 d4 36. Nd7 Nd5 37. Nxf6+ Nxf6 38. Re2 Nd5 39.
Be5 Rxe3+ 40. Rxe3 dxe3 41. Bg3 e6 42. fxe6 fxe6 43.
h4 Kf7 44. hxg5 hxg5 45. Be5 Kg6 46. Bd4 Kf7 47. Be5 Ke7 48. Bg7 Kf7 49. Be5 1/2-1/2

[Event "Late-Titled-Tuesday-Blitz-March-26-2024"]
[Site "Chess.com"]
[Date "2024.03.26"]
[Round "3"]
[White "chessablanca"]
[Black "MetiForce"]
[Result "0-1"]
[WhiteElo "2664"]
[BlackElo "2906"]
[TimeControl "180+1"]
[EndTime "14:30:05 PDT"]
[Termination "MetiForce won on time"]

1. Nf3 Nf6 2. g3 b5 3. Bg2 Bb7 4. b3 e6 5. Bb2 c5 6. O-O Be7 7. d4 O-O 8. Nbd2 d5 9. a4 bxa4 10. Rxa4 Nbd7 11. Qa1 a6 12. Ne5 Nb6 13. Ra5 cxd4 14.
Bxd4 Bb4 15. Rd1 Bxa5 16. Qxa5 Nbd7 17. Qa1 Nxe5 18. Bxe5 Qe7 19. c4 Rfd8 20. c5 Qxc5 21. Bxf6 gxf6 22. Qxf6 Qf8 23. Ne4 Qg7 24. Qh4 Kh8 25. Nf6 Rd6 26. Nh5 Qe5 27. Nf6 Qf5 28. Be4 dxe4 29. Rxd6 e3 30. f3 Bxf3 31. exf3 Qb1+ 32. Kg2 e2 33. Kh3 e1=Q 34. Ne4 Qf1+ 35. Kg4 Rg8+ 36. Kf4 Qbc1+ 37. Rd2 Qc7+ 38. Nd6 e5+ 39.
Kxe5 Qxf3 40. Rd4 Re8+ 0-1

[Event "Late-Titled-Tuesday-Blitz-March-26-2024"]
[Site "Chess.com"]
[Date "2024.03.26"]
[Round "3"]
[White "cristiano78"]
[Black "LikeWater"]
[Result "0-1"]
[WhiteElo "2240"]
[BlackElo "2713"]
[TimeControl "180+1"]
[EndTime "14:30:05 PDT"]
[Termination "LikeWater won by resignation"]

1. d4 Nf6 2. c4 g6 3. Nc3 Bg7 4. Nf3 d6 5. e4 O-O 6. Be2 a5 7. O-O a4 8. h3 e5 9. d5 c6 10. Be3 Qa5 11. dxc6 a3 12. Nd5 Nxd5 13. cxd5 axb2 14. Rb1 bxc6 15. Rxb2 cxd5 16. exd5 e4 17. Nd4 Qxd5 18. Rd2 Rxa2 19. Rxa2 Qxa2 20. Qc1 Bxd4 21. Bxd4 Qxe2 22. Qh6 f6 23. Qf4 Nc6 24. Ba1 Ne5 25. Qc1 Ba6 26. Re1 Nd3 27. Rxe2 Nxc1 28. Rxe4 Nb3 29. Bb2 Kf7 30. Ra4 Nc5 31. Rf4 f5 32. Ba3 Rb8 33. Rd4 Ke6 34. Rd1 Rb3 35. Bxc5 dxc5 36.
Ra1 Bb7 37. Re1+ Kd6 38. f4 c4 39. g4 Rxh3 40. gxf5 Rh1+ 41. Kf2 Rxe1 42. Kxe1 gxf5 0-1

[Event "Late-Titled-Tuesday-Blitz-March-26-2024"]
[Site "Chess.com"]
[Date "2024.03.26"]
[Round "3"]
[White "stolencandy13"]
[Black "kinga2008"]
[Result "1-0"]
[WhiteElo "2659"]
[BlackElo "2446"]
[TimeControl "180+1"]
[EndTime "14:30:05 PDT"]
[Termination "stolencandy13 won on time"]

1. d4 Nf6 2. Bf4 d5 3. e3 c5 4. c3 Nc6 5. Nd2 Bf5 6. Qb3 Qb6 7. Ngf3 e6 8. Qxb6 axb6 9. h3 cxd4 10. exd4 Kd7 11.
Bb5 Bd6 12. Ne5+ Bxe5 13. Bxe5 Ne8 14. g4 Bg6 15. a3 f6 16. Bg3 Nd6 17. Be2 Na5 18. O-O h5 19. Kg2 hxg4 20. hxg4 Nac4 21. Nxc4 Nxc4 22. Bxc4 dxc4 23. Rfe1 Ra5 24. Re3 Rb5 25.
Rae1 Bf7 26. R1e2 Rg5 27. f3 Re8 28. Re4 Bg6 29. R4e3 Bd3 30. Rd2 Bb1 31. Re1 Bh7 32. Rh1 Bd3 33. Bf4 Rd5 34. Kg3 e5 35. dxe5 fxe5 36.
Be3 e4 37. f4 b5 38. Rh7 Re7 39. Rdh2 g6 40. Rxe7+ Kxe7 41. Bd4 Bb1 42. Rh7+ Kd8 43.
Rxb7 e3 44. Kf3 1-0

[Event "Late-Titled-Tuesday-Blitz-March-26-2024"]
[Site "Chess.com"]
[Date "2024.03.26"]
[Round "3"]
[White "frequentblunders"]
[Black "HajiyevKanan"]
[Result "0-1"]
[WhiteElo "2219"]
[BlackElo "2544"]
[TimeControl "180+1"]
[EndTime "14:30:06 PDT"]
[Termination "HajiyevKanan won on time"]

1. d3 d5 2. f4 c5 3. Nf3 Nc6 4. Nbd2 g6 5. e4 Bg7 6. Be2 Nf6 7. O-O O-O 8. h3 c4 9. e5 cxd3 10. cxd3 Nh5 11. Nb3 Ng3 12. Rf2 f6 13. d4 fxe5 14.
Nxe5 Nxe5 15. fxe5 Rxf2 16. Kxf2 Ne4+ 17. Kg1 Qb6 18. Be3 Bxe5 19. Nc5 Bf6 20. Bg4 Bxg4 21. Qxg4 Nxc5 22. dxc5 Qxb2 23. Qe6+ Kg7 24. Rf1 Qe5 25.
Qxe5 Bxe5 26. Bg5 Bf6 27. Be3 Be5 28. Rb1 d4 29. Bg5 Bf6 30. Bxf6+ Kxf6 31. Rxb7 Rc8 32. Rxa7 Rxc5 33. Rd7 Rc4 34. Kf2 Ke6 35. Rd8 Ke5 36. Rd7 e6 37. Rxh7 Rc2+ 38. Ke1 Rxg2 39. a4 Ke4 40. a5 Ra2 41. Ra7 e5 42. h4 Ke3 43.
Kd1 d3 44. Kc1 d2+ 45. Kb1 Ra4 46. Kc2 Rc4+ 47. Kb3 Rd4 0-1

[Event "Late-Titled-Tuesday-Blitz-March-26-2024"]
[Site "Chess.com"]
[Date "2024.03.26"]
[Round "3"]
[White "DrVelja"]
[Black "ProfessorChess101"]
[Result "1-0"]
[WhiteElo "3006"]
[BlackElo "2771"]
[TimeControl "180+1"]
[EndTime "14:30:10 PDT"]
[Termination "DrVelja won by resignation"]

1. e4 e5 2. Nf3 Nc6 3. Bb5 a6 4. Ba4 Nf6 5. O-O Be7 6. d3 b5 7.
Bb3 d6 8. c3 O-O 9. h3 Nb8 10.
Re1 c5 11. d4 Nbd7 12. Nbd2 Bb7 13. Bc2 Re8 14. Nf1 Bf8 15. Ng3 g6 16. d5 c4 17. Bg5 Bg7 18. Qd2 Nc5 19. b4 cxb3 20. axb3 a5 21. b4 Ncd7 22. Bd3 axb4 23. cxb4 Ba6 24.
Ra5 Qb6 25. Rea1 Bb7 26. Bxb5 Rxa5 27. Rxa5 Ra8 28. Be3 Qc7 29. Qa2 Qb8 30. Bc6 Rxa5 31. Qxa5 Qc8 32. b5 Qb8 33. b6 Qc8 34. Bxb7 Qxb7 35.
Qa7 Qb8 36. b7 Kf8 37. Qa8 Ke7 38. Ba7 Qc7 39. b8=Q Nxb8 40. Bxb8 Qc1+ 41. Kh2 Nd7 42. Qc6 Qa3 43. Bc7 h5 44. Nh4 Bh6 45. Bxd6+ 1-0

[Event "Late-Titled-Tuesday-Blitz-March-26-2024"]
[Site "Chess.com"]
[Date "2024.03.26"]
[Round "3"]
[White "Shahdad2007"]
[Black "SharathRk6"]
[Result "1-0"]
[WhiteElo "2635"]
[BlackElo "2423"]
[TimeControl "180+1"]
[EndTime "14:30:10 PDT"]
[Termination "Shahdad2007 won by resignation"]

1. Nf3 Nf6 2. g3 g6 3. Bg2 Bg7 4. O-O O-O 5. c4 c5 6. Nc3 Nc6 7.
d4 cxd4 8. Nxd4 Nxd4 9. Qxd4 d6 10. e4 Nd7 11. Qd3 Nc5 12. Qe2 Bd7 13. Be3 Bc6 14. Rfd1 b6 15. Bd4 Bxd4 16. Rxd4 e5 17. Rd2 Ne6 18.
Rad1 Nd4 19. Qe3 Qe7 20. Ne2 Nxe2+ 21. Qxe2 Rad8 22. h4 Rd7 23. Qe3 Rfd8 24. Qa3 Qe6 25. b3 a5 26. Kh2 Kg7 27. Qb2 b5 28. Bh3 f5 29. exf5 gxf5 30. cxb5 Bxb5 31. f4 Kg6 32.
fxe5 dxe5 33. Rxd7 Rxd7 34. Rxd7 Bxd7 35. Qd2 a4 36. bxa4 Bxa4 37. Qg5+ Kf7 38. Qxf5+ Qxf5 39. Bxf5 h6 40. Kg2 Kf6 41. Be4 Ke7 42. Kf3 Kd6 43. Kg4 Ke7 44. Kf5 Kd6 45. Kf6 Be8 46. a3 h5 47. Bf3 Kc5 48. Kxe5 Kb5 49. Kf6 Ka4 50. Kg5 1-0

[Event "Late-Titled-Tuesday-Blitz-March-26-2024"]
[Site "Chess.com"]
[Date "2024.03.26"]
[Round "3"]
[White "GothamChess"]
[Black "nj123456"]
[Result "1-0"]
[WhiteElo "2681"]
[BlackElo "2463"]
[TimeControl "180+1"]
[EndTime "14:30:13 PDT"]
[Termination "GothamChess won by checkmate"]

1. d4 d5 2. Nf3 Nf6 3. Bf4 c5 4. e3 Nc6 5. Nbd2 e6 6. c3 Bd6 7.
Bg3 O-O 8. Be2 b6 9. O-O Bb7 10. a4 Ne7 11. Bxd6 Qxd6 12. Ne5 Ne4 13. Nxe4 dxe4 14. a5 cxd4 15. Qxd4 Qc7 16. a6 Bd5 17. c4 Nf5 18. Qc3 Bc6 19. Rfd1 Rad8 20. Nxc6 Qxc6 21.
b4 h6 22. g3 Qc7 23. c5 bxc5 24. bxc5 Rc8 25. Rdc1 Rfd8 26. Ra4 Qc6 27. Qa5 Rd5 28. Rac4 Ne7 29. R4c2 Rd7 30. Bb5 Qc7 31. Qa4 Rdd8 32. Qxe4 Nd5 33. Bc4 Nb4 34. Bxe6 Nxc2 35. Bxc8 Nxe3 36.
Bb7 Nd1 37. Bd5 Nb2 38. c6 Qd6 39. Bb3 Nd3 40. Rd1 Kf8 41. c7 Qxc7 42. Rxd3 Re8 43. Qf3 Qc1+ 44. Rd1 Qc5 45. Qxf7# 1-0

[Event "Late-Titled-Tuesday-Blitz-March-26-2024"]
[Site "Chess.com"]
[Date "2024.03.26"]
[Round "3"]
[White "ValeriyGrinev"]
[Black "financieru"]
[Result "1-0"]
[WhiteElo "2620"]
[BlackElo "2420"]
[TimeControl "180+1"]
[EndTime "14:30:13 PDT"]
[Termination "ValeriyGrinev won by resignation"]

1. d4 Nf6 2. c4 g6 3. Nc3 Bg7 4. e4 d6 5. Nge2 O-O 6. Ng3 e5 7. d5 c6 8. Be2 cxd5 9. cxd5 a5 10. O-O Na6 11. Be3 Nc5 12. a3 Bd7 13. b4 axb4 14.
axb4 Rxa1 15. Qxa1 Nb3 16. Qa7 Bc8 17. Nb5 h5 18. f3 h4 19. Nh1 Nh5 20. Bc4 Nd4 21. Nxd4 exd4 22. Bxd4 Qg5 23. Bxg7 Nf4 24. g3 Nh3+ 25.
Kg2 Nf4+ 26. Kf2 Nh3+ 27. Ke2 Kxg7 28. Qe3 Qf6 29. Rc1 Ng5 30. Qc3 Qxc3 31. Rxc3 Nh7 32. gxh4 Nf6 33. Ng3 Nd7 34. h5 Rh8 35. hxg6 Rxh2+ 36. Ke3 fxg6 37. Bb5 Rh8 38. Rc7 Rd8 39. Bxd7 Bxd7 40.
Rxb7 Kf6 41. Ne2 Bh3 42. Rh7 Bf1 43. Nd4 Rb8 44. Nc6 Ra8 45. f4 Ra3+ 46. Kf2 Bb5 47. Ne7 g5 48. fxg5+ Kxg5 49. Nc8 Kf4 50. Rf7+ Kxe4 51.
Nxd6+ Kxd5 52. Nxb5 Ra2+ 53. Ke3 Rb2 54. Rf4 Rb3+ 55.
Kd2 Rb2+ 56. Kd3 Rb3+ 57. Nc3+ Ke5 58. Re4+ Kf5 59. Rh4 Kg6 60. Kc4 Rb2 61. b5 1-0

[Event "Late-Titled-Tuesday-Blitz-March-26-2024"]
[Site "Chess.com"]
[Date "2024.03.26"]
[Round "3"]
[White "deepfear"]
[Black "BallottiLuca"]
[Result "0-1"]
[WhiteElo "1957"]
[BlackElo "2343"]
[TimeControl "180+1"]
[EndTime "14:30:13 PDT"]
[Termination "BallottiLuca won on time"]

1. e4 c5 2. Nc3 Nc6 3. f4 g6 4. Nf3 Bg7 5. Bc4 e6 6. O-O Nge7 7. d3 d5 8. Bb5 O-O 9. Bxc6 Nxc6 10.
e5 f6 11. exf6 Bxf6 12. Qe2 Nd4 13. Nxd4 cxd4 14. Nd1 Bd7 15. Nf2 Rc8 16. Ng4 Bg7 17. Ne5 Qc7 18. b3 Bxe5 19. fxe5 Rxf1+ 20. Qxf1 Qxe5 21. Ba3 Qf5 22. Qe2 e5 23. Rf1 Qe6 24. Qd2 Kg7 25. Qg5 Re8 26. h4 h6 27. Qg3 e4 28.
Bd6 e3 29. h5 e2 30. Re1 Qe3+ 31. Qxe3 Rxe3 32. Kf2 Bg4 33. hxg6 Kxg6 34. Bc5 Re8 35. Bxd4 Rf8+ 36. Ke3 Rf1 37. Kd2 a6 38. g3 h5 39.
Be5 Kf5 40. d4 Ke4 41. c3 Kf3 42. Bd6 Kf2 43. Be5 Rxe1 0-1

[Event "Late-Titled-Tuesday-Blitz-March-26-2024"]
[Site "Chess.com"]
[Date "2024.03.26"]
[Round "3"]
[White "Navyblue1"]
[Black "Doublekk14"]
[Result "1-0"]
[WhiteElo "2259"]
[BlackElo "2402"]
[TimeControl "180+1"]
[EndTime "14:30:16 PDT"]
[Termination "Navyblue1 won by checkmate"]

1. d4 Nf6 2. c4 e6 3. Nf3 d5 4.
Nc3 c5 5. cxd5 exd5 6. dxc5 Bxc5 7. e3 Nc6 8. Bb5 O-O 9. O-O a6 10. Be2 h6 11. Nd4 Ne4 12. Nxe4 dxe4 13. Nxc6 bxc6 14. Qc2 Qe7 15. b3 Qg5 16. Kh1 Re8 17. Bb2 Bd7 18.
Rac1 Bd6 19. Rcd1 Re6 20. Rxd6 Rxd6 21. b4 Rg6 22. Rg1 Re8 23. Bd4 Bh3 24. g3 Bg4 25.
Qd1 Bxe2 26. Qxe2 Qb5 27. Qxb5 axb5 28. Rc1 Ra8 29. Rc2 Ra4 30. Bc5 Rf6 31. Kg2 Ra3 32.
Bd4 Re6 33. Rb2 f6 34. Rc2 Kf8 35. h4 Ke8 36. g4 Rd3 37. Kg3 Rd6 38. Kf4 R3xd4 39.
exd4 Rxd4 40. Rxc6 Rxb4 41. Rb6 Rb2 42. Kxe4 Rxa2 43.
Rxb5 Rxf2 44. Rb7 Kf8 45. h5 Kg8 46. Ke3 Rf1 47. Ke4 Re1+ 48. Kf5 Rf1+ 49. Kg6 Rg1 50.
Rb8# 1-0

[Event "Late-Titled-Tuesday-Blitz-March-26-2024"]
[Site "Chess.com"]
[Date "2024.03.26"]
[Round "3"]
[White "PapaieDudu"]
[Black "Zq1"]
[Result "0-1"]
[WhiteElo "2427"]
[BlackElo "2636"]
[TimeControl "180+1"]
[EndTime "14:30:18 PDT"]
[Termination "Zq1 won on time"]

1. Nf3 Nf6 2. d4 e6 3. c4 a6 4. Nc3 c5 5. Bg5 cxd4 6. Nxd4 Qc7 7. g3 Be7 8. Bg2 d6 9. Rc1 Nbd7 10. O-O O-O 11. e4 Rb8 12. f4 h6 13. Bh4 b6 14.
f5 Ne5 15. b3 Bd7 16. Kh1 Qd8 17. Qe2 Qe8 18. a4 Qd8 19. h3 Nh7 20. Bxe7 Qxe7 21.
h4 Nc6 22. Nxc6 Bxc6 23. Qf3 Rfe8 24. Rce1 exf5 25. Qxf5 Qf6 26. Nd5 Bxd5 27. Qxd5 Qe6 28. e5 dxe5 29. Qd2 Nf6 30. Qe2 b5 31. axb5 axb5 32.
Kh2 bxc4 33. bxc4 Rb3 34. Bh3 Qe7 35. Qd1 Reb8 36. Rf2 Rb2 37. Ree2 Rxe2 38. Qxe2 h5 39. Rf5 e4 40. Qe3 Rd8 41. Rf2 Rd3 42. Qg5 e3 43. Re2 Qe4 44. Bf5 Ng4+ 45. Qxg4 Qxg4 46. Bxg4 hxg4 47. c5 Kf8 48. c6 Ke7 0-1

[Event "Late-Titled-Tuesday-Blitz-March-26-2024"]
[Site "Chess.com"]
[Date "2024.03.26"]
[Round "3"]
[White "mitrabhaa"]
[Black "kids2010"]
[Result "1-0"]
[WhiteElo "3066"]
[BlackElo "2802"]
[TimeControl "180+1"]
[EndTime "14:30:20 PDT"]
[Termination "mitrabhaa won by checkmate"]

1. Nf3 d5 2. c4 e6 3. e3 Nf6 4. b3 Be7 5. Bb2 O-O 6. Nc3 c5 7. cxd5 exd5 8. Rc1 Nc6 9. Bb5 d4 10. Ne2 d3 11. Ng3 Nb4 12. a3 Nc2+ 13. Rxc2 dxc2 14. Qxc2 h6 15. h4 Bg4 16. Ng5 g6 17. Bc4 Kg7 18. f3 b5 19. Bxb5 Bd7 20. Bxd7 Qxd7 21. Nh5+ Kg8 22.
Nxf6+ Bxf6 23. Bxf6 Rfe8 24. Ne4 Qf5 25. Bc3 Re6 26.
Bb2 Rc8 27. Qc3 f6 28. O-O Rf8 29. Qc4 Kh7 30. g4 Rxe4 31. gxf5 Rxc4 32. fxg6+ Kxg6 33. bxc4 Rb8 34. Bc3 Rb3 35. Kf2 Rxa3 36. Ra1 Ra2 37. Rxa2 a5 38. Rxa5 f5 39. Rxc5 Kf7 40. Rxf5+ Kg6 41.
Re5 Kf7 42. c5 Kg6 43. c6 Kf6 44. c7 Kf7 45. c8=Q Kg6 46. Qc6+ Kh7 47. Re7+ Kg8 48. Qe8# 1-0